 Dungeon Crawl Stone Soup version 0.21-a0-110-g8e1637b (webtiles) character file.

37 sagitran the Skirmisher (level 3, 0/29 HPs)
             Began as a Demonspawn Abyssal Knight on July 10, 2017.
             Was a Believer of Lugonu.
             Slain by an adder (2 damage)
             ... while paralysed
             ... on level 2 of the Dungeon.
             The game lasted 00:07:43 (1703 turns).

sagitran the Skirmisher (Demonspawn Abyssal Knight) Turns: 1703, Time: 00:07:44

Health: 0/29       AC: 10    Str: 13    XL:     3   Next: 23%
Magic:  4/4        EV:  2    Int: 13    God:    Lugonu [**....]
Gold:   124        SH:  0    Dex: 12    Spells: 2/2 levels left

rFire    . . .     SeeInvis .     - Unarmed
rCold    . . .     Gourm    .   (no shield)
rNeg     . . .     Faith    .   a - +0 leather armour
rPois    .         Spirit   .   (no helmet)
rElec    .         Reflect  .   p - +0 cloak
rCorr    .         Harm     .   (no gloves)
MR       .....                  (no boots)
Stlth    +.........             e - amulet of rage
HPRegen  0.09/turn              q - +3 ring of slaying
MPRegen  0.09/turn              (no ring)

@: paralysed, sanguine armour, fainting
A: rot immunity, sanguine armour 1
a: Depart the Abyss, Bend Space, Renounce Religion, Evoke Berserk Rage


You were on level 2 of the Dungeon.
You worshipped Lugonu.
Lugonu was pleased with you.
You were fainting.

You visited 1 branch of the dungeon, and saw 5 of its levels.
You visited the Abyss 1 time.

You collected 124 gold pieces.

Inventory:

Armour
 a - a +0 leather armour (worn)
 p - a +0 cloak (worn)
Jewellery
 e - an amulet of rage (around neck)
 q - a +3 ring of slaying (left hand)
Scrolls
 c - a scroll of immolation {unknown}
 f - 3 scrolls of remove curse {unknown}
 g - a scroll of fear {unknown}
 i - a scroll of magic mapping {unknown}
 j - a scroll of teleportation {unknown}
 k - 4 scrolls of identify {unknown}
 n - 4 scrolls of recharging {unknown}
 o - a scroll of noise {unknown}
Potions
 d - 2 potions of curing {unknown}
 h - a potion of heal wounds {unknown}
 m - a potion of resistance {unknown}
 r - a potion of berserk rage {unknown}
Comestibles
 b - 2 bread rations
 l - 3 fruits


   Skills:
 + Level 3.5 Fighting
 + Level 2.0 Armour
 + Level 1.3 Dodging
 + Level 2.3 Unarmed Combat
 + Level 2.5 Invocations


You had 2 spell levels left.
You didn't know any spells.

Dungeon Overview and Level Annotations

Branches:
Dungeon (5/15)
 Temple: D:4-7

Altars:

Annotations:
D:3 Grinder


Innate Abilities, Weirdness & Mutations

You are immune to rotting.
When seriously injured, your bleeding wounds create armour. (AC +6)


Message History

You feel sick. The adder bites you but does no damage.
The adder bites you but does no damage.
* * * LOW HITPOINT WARNING * * *
You feel sick. The adder closely misses you.
* * * LOW HITPOINT WARNING * * *
You feel sick.
There is an open door here.
The adder barely misses you.
* * * LOW HITPOINT WARNING * * *
You feel sick. The adder bites you but does no damage.
You lose consciousness!
You feel sick.
The adder bites you but does no damage. x2
The adder bites you but does no damage. x3
You feel sick.
You are no longer poisoned.
The adder bites you but does no damage. x2
The adder completely misses you. The adder bites you.
You die...

.# #..##'# ### ..
#...... ..# #.
#.#.... ..# #.#....
..# #.#.... ..#
#.#.... '## #.#....
.# ########## #.#....
.### #......@.#
#.#.... ...#
#.....##S# #.... ...#
#......#K# #.... ...#
##'##..#g# #.... ...#
#.##..#.# #.... ...#
#.##..#.# ##### ...#
#.#####.#
...########.#####'###
.....##..(....##....#


You could see an adder, a goblin and a kobold.

Vanquished Creatures
  A dart slug (D:1)
  2 leopard geckos (D:1)
  7 bats
  A giant cockroach (D:2)
  4 goblins
  5 hobgoblins
  2 jackals (D:1)
  2 quokkas (D:2)
  3 frilled lizards
  2 rats
29 creatures vanquished.

Notes
Turn   | Place    | Note
-------+----------+-------------------------------------------
     0 | Abyss:1  | sagitran the Demonspawn Abyssal Knight began the quest for the Orb.
     0 | Abyss:1  | Reached XP level 1. HP: 18/18 MP: 2/2
    10 | Abyss:1  | Found a corrupted altar of Lugonu.
    18 | D:1      | Escaped the Abyss
   224 | D:2      | Gained mutation: When seriously injured, your bleeding wounds create armour. (AC +6) [demonic ancestry]
   224 | D:2      | Reached XP level 2. HP: 9/24 MP: 3/3
   250 | D:3      | Noticed Grinder
   256 | D:3      | Paralysed by Grinder for 5 turns
   264 | D:5      | Entered Level 5 of the Dungeon
   286 | D:2      | Reached skill level 1 in Dodging
  1020 | D:1      | Gained mutation: You are immune to rotting. [demonic ancestry]
  1020 | D:1      | Reached XP level 3. HP: 29/29 MP: 4/4
  1112 | D:1      | Reached ** piety under Lugonu
  1667 | D:2      | Paralysed by fainting for 7 turns
  1696 | D:2      | Paralysed by fainting for 8 turns
  1703 | D:2      | Slain by an adder

Vault maps used:
D:1:      minmay_arrival_four_loops
D:3:      lemuel_round_altar, first_bread, chequers_ecumenical_altar_island,
          roderic_hopi_sauvastika, uniq_grinder, uniq_natasha
D:4:      kennysheep_spiral_hall, overflow_temple_1_default,
          minmay_temple_entry_butterflies
D:5:      chequers_temple_overflow_minitemple,
          yredelemnul_forgotten_temple_becter, serial_shops,
          nicolae_shop_waterfront

Skill      XL: |  1  2 |
---------------+-------+-----
Unarmed Combat | 2 |  2.3
Dodging        | 1 |  1.3
Armour         | 2 |  2.0
Fighting       | |  3.5
Invocations    | |  2.5

Action                   || total
-------------------------++-------
Melee: Unarmed           ||   171
       Punch             ||     1
Armor: Leather armour    ||   121
Dodge: Dodged            ||   150
